 Dungeon Crawl Stone Soup version 0.20-a0-390-g4892b34 (webtiles) character file.

61 Ekko the Chopper (level 3, 0/33 HPs)
             Began as a Minotaur Berserker on Dec 31, 2016.
             Was a Believer of Trog.
             Slain by Sigmund
             ... wielding a +4 scythe of protection
              (11 damage)
             ... on level 3 of the Dungeon.
             The game lasted 00:15:23 (1882 turns).

Ekko the Chopper (Minotaur Berserker)               Turns: 1882, Time: 00:15:24

Health: 0/33       AC:  5    Str: 21    XL:     3   Next: 83%
Magic:  2/2        EV: 12    Int:  4    God:    Trog [**....]
Gold:   102        SH:  0    Dex: 10    Spells: 2/2 levels left

rFire  . . .     SeeInvis .     d - +0 hand axe
rCold  . . .     Gourm    .     g - +0 ring mail
rNeg   . . .     Faith    .     (no shield)
rPois  .         Spirit   .     (helmet restricted)
rElec  .         Reflect  .     (no cloak)
rCorr  .         Harm     .     (no gloves)
MR     .....                    (no boots)
Stlth  ..........               (no amulet)
                                (no ring)
                                (no ring)

@: confused
A: retaliatory headbutt, horns 2
a: Berserk, Trog's Hand, Burn Spellbooks, Renounce Religion


You were on level 3 of the Dungeon.
You worshipped Trog.
Trog was pleased with you.
You were not hungry.

You visited 1 branch of the dungeon, and saw 3 of its levels.

You collected 102 gold pieces.

Inventory:

Hand Weapons
 a - a +0 hand axe
 d - a +0 hand axe (weapon)
Armour
 g - a +0 ring mail (worn)
Scrolls
 b - a scroll of immolation {unknown}
 l - 3 scrolls of teleportation {unknown}
 m - a scroll of magic mapping {unknown}
Potions
 e - 2 potions of magic {unknown}
 f - a potion of cure mutation {unknown}
 i - a potion of lignification {unknown}
 n - a potion of curing {unknown}
Comestibles
 c - 2 bread rations
 h - a slice of pizza
 j - 2 meat rations
 k - 3 chunks of flesh


   Skills:
 + Level 3.9 Fighting
 * Level 4.6 Axes
 + Level 3.2 Armour
 + Level 3.0 Dodging


You had 2 spell levels left.
You didn't know any spells.

Dungeon Overview and Level Annotations

Branches:
Dungeon (3/15)

Altars:
Fedhas

Annotations:
D:3 Sigmund


Innate Abilities, Weirdness & Mutations

You reflexively headbutt those who attack you in melee.
You have a pair of horns on your head.


Message History

Sigmund the Dreaded comes into view.
He is wielding a scythe of protection.
Sigmund shouts!
A hobgoblin comes into view.
There is an open door here.
Sigmund points at you and mumbles some strange words.
The puff of flame hits you! Sigmund gestures at you while chanting.
The puff of flame hits you! Sigmund casts a spell at you.
You resist with significant effort.
The hobgoblin shouts!
Sigmund hits you from afar with a scythe of protection.
Sigmund closely misses you.
Sigmund points at you and mumbles some strange words.
You are confused.
Sigmund closely misses you.
Sigmund hits you from afar with a scythe of protection!
You bump into the stone wall.
Sigmund hits you from afar with a scythe of protection!
You die...

. #.'...................
.. ###....#.######.#.#.##
... #....#........#.#.##
.... #....##.........#.##
.8...##.......####.###.##
......##...#..# ... ....
...8...@...#..# ##.. #.##
......##..##..# ## #.#
.8... #.@.....# g...
#####...... ... ...... ..
..... . ###+#


You could see Sigmund.

Vanquished Creatures
  2 adders
  An ooze (D:2)
  A worm (D:2)
  2 dart slugs (D:1)
  A leopard gecko (D:3)
  A giant cockroach (D:2)
  7 hobgoblins
  A quokka (D:2)
  7 bats
  A frilled lizard (D:2)
  3 goblins
  2 kobolds (D:1)
  2 rats
31 creatures vanquished.

Notes
Turn   | Place    | Note
-------+----------+-------------------------------------------
     0 | D:1      | Ekko the Minotaur Berserker began the quest for the Orb.
     0 | D:1      | Reached XP level 1. HP: 19/19 MP: 0/0
   198 | D:1      | Reached XP level 2. HP: 26/26 MP: 1/1
   502 | D:1      | Reached skill level 4 in Axes
   738 | D:2      | Found a blossoming altar of Fedhas.
   820 | D:2      | Reached XP level 3. HP: 33/33 MP: 2/2
  1469 | D:2      | Reached ** piety under Trog
  1868 | D:3      | Noticed Sigmund
  1882 | D:3      | Slain by Sigmund

Vault maps used:
D:1:      lightli_arrival_statuegarden, item_on_display_a
D:2:      fedhas_altar_2, minmay_domino_2
D:3:      minmay_overflow_temple_star_hex, first_bread,
          chequers_ecumenical_altar_simple, uniq_sigmund

Skill      XL: |  1  2  3 |
---------------+----------+-----
Axes           | 4 |  4.6
Dodging        | 3 |  3.0
Armour         | 3 |  3.2
Fighting       | |  3.9

Action                   || total
-------------------------++-------
Melee: Hand axe          ||    58
       Headbutt          ||    10
  Eat: Chunk             ||     3
Armor: Ring mail         ||    16
Dodge: Dodged            ||    30
